[Event "Championnat d'Europe de Blitz"]
[Date "2024.12.09"]
[White "Fromm, Marius"]
[Black "Mohammad, Fahim"]
[WhiteElo "2459"]
[BlackElo "2196"]
[Round "13.54"]
[Result "1-0"]
[TimeControl "180+2"]

1. e4 c5 2. Nf3 e6 3. g3 Nc6 4. Bg2 d6 5. O-O Nge7 6. b3 e5 7. c3 g6 8. d4 Bg7 9. dxc5 dxc5 10.
Qxd8+ Nxd8 11. Na3 O-O 12. Nc4 Ndc6 13. Nd6 b6 14. Nxc8 Raxc8 15. Rd1 Rfd8 16. Be3 Rxd1+ 17.
Rxd1 Rd8 18. Rxd8+ Nxd8 19. Bf1 Kf8 20. Nd2 Nec6 21. Nc4 Ke7 22. a4 f6 23. h4 Nb7 24. Kg2 Nd6 25. Nxd6 Kxd6 26. Bc4 Ne7 27. h5 Bf8 28. Kf3 f5 29. Bg5 Bg7 30. Bf7 gxh5 31. Bxh5 fxe4+ 32. Kxe4 Nd5 33. Kd3 e4+ 34. Kxe4 Nxc3+ 35. Kf5 Nd5 36. Bf7 Nc7 37. Bf4+ Kc6 38. Bg8 h6 39. Kg6 Bd4 40. f3 a6 41. Kxh6 b5 42. axb5+ axb5 43. g4 Nd5 44. Bxd5+ Kxd5 45. g5 c4 46. bxc4+ bxc4 47. g6 Ke6 48. Kg5 Bb2 49.
Be3 Bf6+ 50.
Kh6 Kf5 51.
g7 Bxg7+ 52.
Kxg7 c3 53.
Bc1 c2 54.
Kh6 Ke5 55.
Kg5 Kd4 56. f4 1-0